 Dungeon Crawl Stone Soup version 0.31.0-12-g77e489cdc1 (webtiles) character file.

Game seed: 4079892087568443550

205367 Limofeus the Impregnable (level 18, -10/177 HPs)
             Began as a Minotaur Fighter on Feb 2, 2024.
             Was a High Priest of Trog.
             Mangled by a spriggan rider
             ... wielding a +2 spear of freezing
             ... led by a spriggan druid
              (17 damage)
             ... on level 4 of the Swamp on Feb 13, 2024.
             The game lasted 04:53:05 (42249 turns).

Limofeus the Impregnable (Minotaur Fighter)        Turns: 42249, Time: 04:53:06

Health: -10/177    AC: 46    Str: 28    XL:     18   Next: 3%
Magic:  17/17      EV: 20    Int:  5    God:    Trog [*****.]
Gold:   1577       SH:  5    Dex: 18    Spells: 17/17 levels left

rFire   . . .        Z - +5 demon trident (flame)
rCold   . . .        (no shield)
rNeg    . . .        R - +15 Maxwell's patent armour {-Cast -Tele rElec Will+ rCorr}
rPois   +            I - +2 hood of the Assassin {Detect Stab+ Stlth++}
rElec   +            W - +1 cloak {Stlth+}
rCorr   +            f - +2 pair of gloves of Ishraso {Dex+7}
SInv    +            F - +1 pair of boots {Stlth+}
Will    ++++.        l - amulet of reflection
Stlth   +            H - ring of poison resistance
HPRegen 1.49/turn    t - +5 ring of evasion
MPRegen 0.15/turn

%: no teleportation, no spellcasting, reflection
@: lethally poisoned (-10 -> -28), strong-willed, regenerating, very slow
A: horns 2, retaliatory headbutt, see invisible, deterioration 1, wild magic 1,
MP-powered wands
}: 1/15 runes: gossamer
a: Renounce Religion, Berserk, Trog's Hand, Brothers in Arms


You were on level 4 of the Swamp.
You worshipped Trog.
Trog was extremely pleased with you.
You visited 8 branches of the dungeon, and saw 33 of its levels.
You also visited: Bailey and Ice Cave.

You collected 3400 gold pieces.
You spent 1823 gold pieces at shops.

Inventory:

Hand Weapons
 y - a +2 bardiche of flaming
 S - a +2 antimagic glaive
 Z - a +5 demon trident of flaming (weapon)
Missiles
 U - 2 throwing nets (quivered)
Armour
 f - the +2 pair of gloves of Ishraso (worn) {Dex+7}
   (You acquired it in a bailey)

   Dex+7:     It affects your dexterity (+7).
 j - a +0 kite shield
 F - a +1 pair of boots of stealth (worn)
 I - the +2 hood of the Assassin (worn) {Detect Stab+ Stlth++}
   (You acquired it on level 4 of the Spider Nest)

   Detect:    It allows the wearer to sense nearby creatures.
   Stab+:     It allows the wearer to make particularly effective stabbing
   attacks against helpless or unaware enemies with any weapon.
   Stlth++:   It makes you much more stealthy.
 L - a +5 plate armour of poison resistance
 P - the +0 hat "Luokhya" {+Blink Fly rF- rCorr}
   (You found it in an ice cave)

   rF-:       It makes you vulnerable to fire.
   Fly:       It grants you flight.
   +Blink:    It lets you blink.
   rCorr:     It protects you from acid and corrosion.
 R - the +15 Maxwell's patent armour (worn) {-Cast -Tele rElec Will+ rCorr}
   (You acquired it on level 1 of the Lair of Beasts)

   rElec:     It insulates you from electricity.
   Will+:     It increases your willpower.
   -Cast:     It prevents spellcasting.
   -Tele:     It prevents most forms of teleportation.
   rCorr:     It protects you from acid and corrosion.
 W - a +1 cloak of stealth (worn)
Jewellery
 i - an amulet of the acrobat
 l - an amulet of reflection (around neck)
 p - a ring of positive energy
 t - a +5 ring of evasion (right hand)
 H - a ring of poison resistance (left hand)
 J - an amulet of regeneration
 Y - a ring of willpower
Wands
 a - a wand of digging (2)
 c - a wand of roots (17)
 e - a wand of acid (12)
 g - a wand of flame (20)
 C - a wand of polymorph (6)
 D - a wand of mindburst (15)
 T - a wand of paralysis (13)
Scrolls
 h - 10 scrolls of teleportation
 m - 4 scrolls of fog
 r - a scroll of vulnerability
 s - 6 scrolls of poison
 v - 5 scrolls of fear
 x - 2 scrolls of silence
 E - 4 scrolls of blinking
 G - 4 scrolls of revelation
 M - 3 scrolls of immolation
 Q - a scroll of torment
 X - a scroll of summoning
Potions
 b - 2 potions of cancellation
 d - 9 potions of might
 k - 13 potions of curing
 n - 7 potions of ambrosia
 q - 3 potions of lignification
 w - a potion of resistance
 z - 2 potions of enlightenment
 A - 2 potions of magic
 B - 3 potions of attraction
 N - 7 potions of heal wounds
 O - 4 potions of invisibility
 V - 5 potions of haste


   Skills:
 + Level 19.6 Fighting
 - Level 20.7(21.0) Polearms
 - Level 6.4(14.9) Staves
 * Level 3.7 Throwing
 + Level 21.8 Armour
 + Level 13.0 Dodging
 - Level 0.2 Stealth
 + Level 15.1 Shields
 - Level 6.8 Evocations


You had 17 spell levels left.
You didn't know any spells.
Your spell library contained the following spells:

 Spells                   Type           Power      Damage    Failure   Level
 Apportation              Tloc           0%         N/A       95%         1
 Ensorcelled Hibernation  Hex/Ice        0%         N/A       98%         2
 Jinxbite                 Hex            0%         N/A       98%         2
 Lesser Beckoning         Tloc           0%         N/A       98%         2
 Fugue of the Fallen      Necr           0%         N/A       100%        3
 Gell's Gravitas          Tloc           0%         N/A       100%        3
 Ozocubu's Armour         Ice            0%         N/A       100%        3
 Teleport Other           Tloc           0%         N/A       100%        3
 Anguish                  Hex/Necr       0%         N/A       100%        4
 Alistair's Intoxication  Alch           0%         N/A       100%        5
 Metabolic Englaciation   Hex/Ice        0%         N/A       100%        5
 Sculpt Simulacrum        Ice/Alch       0%         N/A       100%        6


Dungeon Overview and Level Annotations

Branches:
Dungeon (15/15)            Temple (1/1) D:7            Lair (5/5) D:8
  Swamp (4/4) Lair:2       Spider (4/4) Lair:3        Slime (0/5) Lair:4
    Orc (2/2) D:11            Elf (1/3) Orc:2        Vaults (0/5) D:13
 Depths (1/4) D:15         Bailey (visited)           IceCv (visited)

Altars:
Ashenzari
Cheibriados
Dithmenos
Elyvilon
Fedhas
Gozag
Hepliaklqana
Kikubaaqudgha
Makhleb
Nemelex Xobeh
Okawaru
Qazlal
Ru
Sif Muna
Trog
Uskayaw
Vehumet
Wu Jian
Xom
Yredelemnul
Zin
The Shining One
Jiyva

Shops:
D:8 [!   D:12 [   Orc:1 :   Orc:2 ***?*:!

Portals:
Trove: D:12 (give +3 fire dragon scales)

Annotations:
Depths:1 exclusion: orange crystal statue


Innate Abilities, Weirdness & Mutations

You have a pair of horns on your head.
You reflexively headbutt those who attack you in melee.
You have supernaturally acute eyesight. (SInv)
Your body sometimes deteriorates upon taking damage.
Your spells are a little harder to cast, but a little more powerful.
You expend magic power (3 MP) to strengthen your wands.


Message History

You fester in the toxic bog.
You partially resist.
You are more poisoned.
You feel very sick. Tree limbs sway around you.
A swamp worm comes into view.
The spriggan rider hits you but does no damage.
The fenstrider witch points at you and mumbles some strange words.
Your body is wracked with pain!
* * * LOW HITPOINT WARNING * * *
You fester in the toxic bog.
You partially resist.
You are more poisoned.
* * * LOW HITPOINT WARNING * * *
You feel extremely sick. Tree limbs sway around you.
The fenstrider witch points at you and mumbles some strange words.
You resist with significant effort.
The spriggan rider hits you from afar with a +2 spear of freezing!
* * * LOW HITPOINT WARNING * * *
The spriggan rider freezes you.
* * * LOW HITPOINT WARNING * * *
You can move again.
Your skin crawls.
You feel strong-willed.
Splash!
You fall into the shallow water.
Moving in this stuff is going to be slow.
You feel very sick. Branches wave dangerously above you.
The fenstrider witch gestures at you while chanting.
The toxic sludge hits you!
You are more poisoned.
You partially resist.
* * * LOW HITPOINT WARNING * * *
Splash!
You fall into the toxic bog.
Moving in this stuff is going to be slow.
The swamp worm fires a harpoon shot at you.
The harpoon shot misses you.
A thorn hunter comes into view.
The spriggan rider hits you from afar with a +2 spear of freezing!
You die...

♣~.♣♣~..~~~~~~~.♣♣♣.~~~~
♣♣~.~~.~†~~~~~~~..~.~~~~~
♣♣~~~~~~.~~§w..~~..†§)~~~~
{
♣≈~~§~~~~~~..~.~..~~~~...~
♣.♣.~§~..~~~§.~~~.~~~~..♣♣
#♣♣♣~~~~~~§~~~.♣♣♣.~~~.~♣
{ ♣♣♣♣♣.~§~~~.♣♣~~§~~~♣♣ {
♣.~~~~~.♣♣.~~~~.♣
♣~@~~~§.♣~~♣~.~.^
♣H....<.♣♣♣♣♣♣~♣.~
.~.)~.ii♣i♣♣♣♣♣ ♣~♣.~
~~.~~~~~.~♣ ♣~ ♣~
♣♣...~~~..~ .~~.♣~.~.~
♣...~~~~... ~~~§...~~~
♣..~~~~~~.~~~ ~~~~§.~~~~
~.f~.~~~~~~~~~ ~~♣..~.~~§
~~.~~..♣~..~§. ♣~.....~~


You could see a thorn hunter (wandering), a fenstrider witch, 2 spriggan riders,
a spriggan druid and a swamp worm.

Vanquished Creatures
  Nikola (Swamp:4)
  Jorgrun (Spider:2)
  Agnes (Spider:2)
  Roxanne (Swamp:3)
  A frost giant (IceCv)
  4 emperor scorpions (Spider:4)
  6 ghost moths
  An orc warlord (Orc:2)
  The ghost of Ignak the Thaumaturge, a journeyman GnAE of Sif Muna (Lair:2)
  A broodmother (Lair:3)
  An eleionoma (Swamp:1)
  A minotaur (Lair:2)
  3 bunyips
  Azrael (Spider:2)
  7 spark wasps
  Snorg (D:14)
  Josephine (Orc:2)
  A shambling mangrove (Swamp:4)
  2 entropy weavers
  3 jorogumos
  A catoblepas (Lair:5)
  7 alligators
  10 hydras
  2 radroaches
  An ogre mage (D:13)
  4 centaur warriors
  2 ghost crabs
  6 two-headed ogres
  6 death yaks (IceCv)
  3 tengu warriors
  6 demonic crawlers
  15 boulder beetles
  2 dancing weapons (Elf:1)
  A deep troll earth mage (D:15)
  6 orc high priests
  3 pharaoh ants
  4 goliath frogs
  8 skeletal warriors
  Lodul (D:14)
  A skyshark (Lair:5)
  5 spriggan druids
  4 orb spiders
  2 swamp dragons
  2 bog bodies
  12 orc knights
  A necromancer (D:15)
  6 steelbarb worms
  A manticore (D:12)
  14 wolf spiders
  13 ugly things
  A will-o-the-wisp (Swamp:4)
  8 cyclopes
  A black mamba (Lair:4)
  15 elephants
  4 moths of wrath
  An ice statue (IceCv)
  7 meliai
  2 kobold blastminers (Orc:2)
  30 cane toads
  4 torpor snails
  A kobold demonologist (Bailey)
  12 komodo dragons
  6 rime drakes (IceCv)
  A tengu conjurer (D:14)
  2 merfolk (D:15)
  12 trolls
  5 tyrant leeches
  10 polar bears
  Grinder (D:6)
  24 tarantellas
  12 hornets
  24 blink frogs
  4 dream sheep (Lair:3)
  7 slime creatures
  2 centaur simulacra (D:13)
  2 spriggans
  16 jumping spiders
  22 culicivoras
  A vampire (D:12)
  A yak (shapeshifter) (D:15)
  2 steam dragons
  4 wraiths
  52 yaks
  A wyvern (shapeshifter) (Elf:1)
  6 wyverns
  32 redbacks
  2 fire elementals (Spider:2)
  11 humans (D:15)
  3 basilisks
  A death yak simulacrum (D:13)
  7 wargs
  9 vampire mosquitoes
  13 swamp worms
  3 acid dragons
  14 water moccasins
  4 sky beasts
  3 hell hounds (Spider:2)
  2 swamp drakes
  4 ice beasts (D:13)
  2 laughing skulls (D:15)
  55 orc warriors
  3 black bears
  28 wolves
  11 ogres
  18 centaurs
  2 phantoms
  2 kobold brigands
  16 bullfrogs
  4 scorpions
  3 two-headed ogre simulacra (D:13)
  22 wights
  6 killer bees (D:10)
  4 howler monkeys
  12 electric eels
  8 hounds
  5 jellies
  4 bombardier beetles
  30 orc priests
  6 iguanas
  2 sleepcaps
  19 orc wizards
  A polar bear simulacrum (D:13)
  2 spriggan simulacra (D:13)
  A troll simulacrum (D:13)
  Robin (D:2)
  7 gnolls (Bailey)
  6 adders
  A shadow imp (D:4)
  2 white imps
  5 ufetubi
  A dart slug (D:3)
  2 ribbon worms
  84 orcs
  6 endoplasms
  A giant cockroach (D:4)
  10 hobgoblins
  19 kobolds
  3 quokkas
  5 ball pythons
  2 bats
  4 frilled lizards
  24 goblins
  2 rats
1050 creatures vanquished.

Vanquished Creatures (collateral kills)
  An orc warlord (Orc:2)
  A deep elf knight (Elf:1)
  A deep elf archer (Elf:1)
  An orc knight (Orc:2)
  3 deep elf zephyrmancers (Elf:1)
  An orc sorcerer (Orc:2)
  A troll (Orc:2)
  2 wargs (Orc:2)
  An orc warrior (Orc:2)
  An orc wizard (Orc:2)
  2 orcs (Orc:2)
15 creatures vanquished.

Vanquished Creatures (others)
  A thorn hunter (Swamp:3)
  A hydra (Swamp:1)
  3 bloated husks
  A basilisk (Lair:2)
  2 orc wizards
  An ufetubus (D:5)
  2 kobolds (D:9)
  A butterfly (D:8)
  2 foxfires (Swamp:4)
14 creatures vanquished.

Grand Total: 1079 creatures vanquished

Notes
Turn   | Place    | Note
-------+----------+-------------------------------------------
     0 | D:1      | Limofeus the Minotaur Fighter began the quest for the Orb.
     0 | D:1      | Reached XP level 1. HP: 19/19 MP: 0/0
   187 | D:1      | Found a faded altar of an unknown god.
   293 | D:1      | Reached XP level 2. HP: 21/27 MP: 1/1
   785 | D:2      | Noticed Robin
   804 | D:2      | Killed Robin
   805 | D:2      | Reached XP level 3. HP: 24/33 MP: 2/2
   813 | D:2      | Reached skill level 4 in Armour
  1210 | D:3      | Reached XP level 4. HP: 41/41 MP: 3/3
  1391 | D:3      | Found a hide-covered altar of Uskayaw.
  1735 | D:4      | Reached XP level 5. HP: 47/47 MP: 4/4
  1789 | D:4      | Noticed a black bear
  1798 | D:4      | Killed a black bear
  1799 | D:4      | Reached skill level 5 in Polearms
  1799 | D:4      | Reached skill level 5 in Armour
  1836 | D:4      | Reached XP level 6. HP: 49/53 MP: 5/5
  1943 | D:4      | Found a radiant altar of Vehumet.
  2404 | D:4      | Reached skill level 5 in Fighting
  2557 | D:5      | Entered Level 5 of the Dungeon
  2696 | D:4      | Reached skill level 1 in Dodging
  2905 | D:5      | Reached XP level 7. HP: 61/61 MP: 6/6
  3053 | D:5      | Found an ornate altar of the Wu Jian Council.
  3070 | D:5      | Reached skill level 6 in Armour
  3357 | D:5      | Found a bloodstained altar of Trog.
  3368 | D:5      | Found an opulent altar of Gozag.
  3381 | D:5      | Became a worshipper of Trog the Wrathful
  3563 | D:5      | Reached XP level 8. HP: 62/71 MP: 7/7
  4018 | D:6      | Identified the +1 robe "Piriki" {Stlth+}
  4210 | D:6      | Reached skill level 7 in Armour
  4340 | D:6      | Noticed Grinder
  4355 | D:6      | Killed Grinder
  4356 | D:6      | Reached skill level 5 in Shields
  4425 | D:6      | Reached * piety under Trog
  4617 | D:6      | Reached XP level 9. HP: 58/80 MP: 8/8
  4903 | D:6      | Reached skill level 8 in Armour
  5373 | D:7      | Found a staircase to the Ecumenical Temple.
  5396 | Temple   | Entered the Ecumenical Temple
  5748 | D:7      | Reached skill level 10 in Polearms
  6407 | D:7      | Reached ** piety under Trog
  6862 | D:7      | Reached skill level 9 in Armour
  7037 | D:8      | Noticed a komodo dragon
  7061 | D:8      | Killed a komodo dragon
  7062 | D:8      | Reached XP level 10. HP: 71/92 MP: 9/9
  7135 | D:8      | Reached skill level 10 in Fighting
  7324 | D:8      | Found a staircase to the Lair.
  7373 | D:8      | Found a flagged portal.
  7405 | Bailey   | Entered a bailey
  7491 | Bailey   | HP: 1/94 [electric eel/bolt of electricity (10)]
  7782 | Bailey   | Reached *** piety under Trog
  7887 | Bailey   | Noticed an orc knight
  8138 | Bailey   | Noticed an orc knight
  8156 | Bailey   | Noticed an orc knight
  8221 | Bailey   | Killed an orc knight
  8222 | Bailey   | Reached skill level 10 in Armour
  8227 | Bailey   | Killed an orc knight
  8403 | Bailey   | Noticed an orc high priest
  8538 | Bailey   | Acquired a manual of Armour
  8657 | Bailey   | Found an iron altar of Okawaru.
  8677 | Bailey   | Killed an orc high priest
  8678 | Bailey   | Reached XP level 11. HP: 86/104 MP: 10/10
  8696 | Bailey   | Killed an orc knight
  8697 | Bailey   | Reached skill level 11 in Armour
  9217 | Bailey   | Acquired the +2 pair of gloves of Ishraso {Dex+7}
  9749 | D:8      | Reached **** piety under Trog
  9761 | D:8      | Noticed a two-headed ogre
  9933 | D:8      | Killed a two-headed ogre
  9934 | D:8      | Reached skill level 12 in Armour
 10263 | D:8      | Found Nodwuvvi's Distillery.
 10268 | D:8      | Found Zulir's Armour Boutique.
 10476 | D:8      | You fall into a shaft and drop 2 floors!
 10476 | D:10     | Entered Level 10 of the Dungeon
 10761 | D:8      | Found a shimmering blue altar of Sif Muna.
 10877 | D:8      | Found a white marble altar of Elyvilon.
 11029 | Lair:1   | Entered Level 1 of the Lair of Beasts
 11069 | D:8      | Reached skill level 13 in Armour
 12277 | D:10     | Reached ***** piety under Trog
 12526 | D:10     | Found a hazy altar of Hepliaklqana.
 12587 | D:10     | Noticed a two-headed ogre
 12602 | D:10     | Killed a two-headed ogre
 12603 | D:10     | Reached skill level 14 in Armour
 13096 | D:11     | Noticed a boulder beetle
 13117 | D:11     | Noticed a two-headed ogre
 13126 | D:11     | Killed a boulder beetle
 13134 | D:11     | Killed a two-headed ogre
 13135 | D:11     | Reached skill level 15 in Armour
 13135 | D:11     | Reached skill level 1 in Evocations
 13346 | D:11     | Found a staircase to the Orcish Mines.
 13722 | D:11     | Acquired a manual of Polearms
 13899 | D:11     | Noticed a boulder beetle
 13929 | D:11     | Killed a boulder beetle
 13930 | D:11     | Reached XP level 12. HP: 97/115 MP: 11/11
 14226 | D:10     | Reached skill level 16 in Armour
 15036 | Orc:1    | Entered Level 1 of the Orcish Mines
 15036 | Orc:1    | Found Gahas's Book Boutique.
 15201 | Orc:1    | Reached skill level 17 in Armour
 15245 | Orc:2    | Entered Level 2 of the Orcish Mines
 15882 | Orc:2    | Found Cohija's General Store.
 15890 | Orc:2    | Bought a ring of poison resistance for 240 gold pieces
 15890 | Orc:2    | Bought a scroll of revelation for 90 gold pieces
 15994 | Orc:2    | Found Joesyxke's Book Emporium.
 16399 | Orc:2    | Reached ****** piety under Trog
 16416 | Orc:2    | Found a staircase to the Elven Halls.
 16423 | Orc:2    | Noticed Josephine
 16663 | Orc:2    | Killed Josephine
 16792 | Orc:2    | Found Xeesmopt's Distillery.
 16865 | Orc:2    | Noticed an orc high priest
 17126 | Orc:2    | Killed an orc high priest
 17191 | Orc:2    | Noticed an orc high priest
 17201 | Orc:2    | Killed an orc high priest
 17202 | Orc:2    | Reached skill level 18 in Armour
 17319 | Orc:2    | Noticed an orc high priest
 18540 | Orc:2    | Killed an orc high priest
 18614 | Orc:2    | Noticed an orc high priest
 18620 | Orc:2    | Received a gift from Trog
 18745 | Orc:2    | Killed an orc high priest
 18746 | Orc:2    | Reached XP level 13. HP: 113/125 MP: 12/12
 18871 | Orc:2    | Found Ishorysa's Assorted Antiques.
 18871 | Orc:2    | Found Sujec's General Store.
 18872 | Orc:2    | Found Xacleak's Magic Scroll Emporium.
 18872 | Orc:2    | Found Byal Obu's Assorted Antiques.
 18880 | Orc:2    | Bought a scroll of identify for 24 gold pieces
 18880 | Orc:2    | Bought a scroll of identify for 24 gold pieces
 18880 | Orc:2    | Bought a scroll of identify for 24 gold pieces
 18887 | Orc:2    | Bought a scroll of enchant weapon for 112 gold pieces
 18891 | Orc:2    | Bought a scroll labelled EMPEDEMMADGH for 26 gold pieces
 18891 | Orc:2    | Bought a bronze ring for 130 gold pieces
 18990 | Orc:2    | Reached skill level 15 in Fighting
 19090 | Orc:2    | Bought a scroll of enchant armour for 90 gold pieces
 19090 | Orc:2    | Bought a scroll of enchant weapon for 90 gold pieces
 19093 | Orc:2    | Bought a +2 plate armour of poison resistance for 555 gold
                  | pieces
 19323 | Orc:2    | Noticed an orc warlord
 19373 | Orc:2    | Killed an orc warlord
 19377 | Orc:2    | Reached skill level 10 in Shields
 19467 | Orc:2    | Noticed an orc warlord
 19618 | Orc:2    | Killed an orc warlord
 19731 | Orc:2    | Identified the +12 quarterstaff "Temiloti" {heavy, rPois
                  | Will- Str+6} (Trog gifted it to you on level 2 of the
                  | Orcish Mines)
 19731 | Orc:2    | Received a gift from Trog
 19737 | Orc:2    | Identified the amulet of Qaff {Faith Harm Int+3}
 19777 | Orc:2    | Reached skill level 1 in Staves
 20175 | Orc:2    | Identified the +1 spear of Rutiacimm {venom, rPois Str-2
                  | Int+3 SInv}
 20343 | Orc:2    | Identified the +1 robe of Tosyo {-Cast Harm Will- Dex+5}
 20430 | Elf:1    | Entered Level 1 of the Elven Halls
 20926 | D:12     | Found Ygizy's Antique Armour Boutique.
 20995 | D:12     | Found a portal to a secret trove of treasure.
 21126 | D:12     | Reached skill level 5 in Staves
 21641 | D:13     | Reached skill level 19 in Armour
 21655 | D:13     | Found a gate to the Vaults.
 21828 | D:13     | Received a gift from Trog
 21845 | D:13     | Found a frozen archway.
 21865 | D:13     | Reached XP level 14. HP: 122/137 MP: 13/13
 21875 | IceCv    | Entered an ice cave
 22386 | IceCv    | Reached skill level 15 in Polearms
 22518 | IceCv    | Noticed a frost giant
 22533 | IceCv    | Killed a frost giant
 22753 | IceCv    | Found the +8 frozen axe "Frostbite" {freeze, freezing
                  | cloud, *Noise Fly rC+}
 22776 | IceCv    | Identified the +0 hat "Luokhya" {+Blink Fly rF- rCorr}
 23445 | D:13     | Received a gift from Trog
 24305 | D:14     | Noticed Snorg
 24315 | D:14     | Killed Snorg
 24330 | D:14     | Noticed Lodul
 24339 | D:14     | Killed Lodul
 24898 | D:14     | Found a blossoming altar of Fedhas.
 25209 | D:14     | Found a faded altar of an unknown god.
 25209 | D:14     | Found a faded altar of an unknown god.
 25211 | D:14     | Found a hazy altar of Hepliaklqana.
 25320 | D:15     | Entered Level 15 of the Dungeon
 25346 | D:15     | Received a gift from Trog
 25353 | D:15     | Reached skill level 5 in Evocations
 25353 | D:15     | Reached XP level 15. HP: 121/147 MP: 14/14
 25504 | D:15     | Found a staircase to the Depths.
 25718 | D:15     | Found a white marble altar of Elyvilon.
 26563 | D:8      | Bought a potion of invisibility for 88 gold pieces
 26563 | D:8      | Bought a potion of might for 44 gold pieces
 26563 | D:8      | Bought a potion of mutation for 88 gold pieces
 26563 | D:8      | Bought a potion of haste for 110 gold pieces
 26563 | D:8      | Bought a potion of ambrosia for 88 gold pieces
 26996 | Depths:1 | Entered Level 1 of the Depths
 26996 | Depths:1 | Noticed a fire giant
 27262 | Lair:1   | Reached skill level 20 in Armour
 27762 | Lair:1   | Acquired the +15 Maxwell's patent armour {-Cast -Tele rElec
                  | Will+ rCorr}
 27762 | Lair:1   | Found the +15 Maxwell's patent armour {-Cast -Tele rElec
                  | Will+ rCorr}
 28333 | Lair:2   | Noticed Ignak's ghost (journeyman GnAE)
 28379 | Lair:2   | Found a runed translucent gate.
 28379 | Lair:2   | Found a runed translucent gate.
 28379 | Lair:2   | Found a runed translucent gate.
 28418 | Lair:2   | Killed Ignak's ghost
 28424 | Lair:2   | Received a gift from Trog
 28653 | Lair:2   | Gained mutation: Armour fits poorly on your strangely
                  | shaped body. [potion of mutation]
 28654 | Lair:2   | Lost mutation: Armour fits poorly on your strangely shaped
                  | body. [potion of mutation]
 28654 | Lair:2   | Gained mutation: Armour fits poorly on your strangely
                  | shaped body. [potion of mutation]
 28654 | Lair:2   | Gained mutation: You occasionally lose the ability to read
                  | scrolls when taking damage. [potion of mutation]
 28654 | Lair:2   | Gained mutation: You are dopey. (Int -2) [potion of
                  | mutation]
 28655 | Lair:2   | Lost mutation: You occasionally lose the ability to read
                  | scrolls when taking damage. [potion of mutation]
 28655 | Lair:2   | Lost mutation: You are dopey. (Int -2) [potion of mutation]
 28655 | Lair:2   | Gained mutation: You have supernaturally acute eyesight.
                  | (SInv) [potion of mutation]
 28655 | Lair:2   | Gained mutation: You are clumsy. (Dex -2) [potion of
                  | mutation]
 28655 | Lair:2   | Gained mutation: You expend magic power (3 MP) to
                  | strengthen your wands. [potion of mutation]
 28656 | Lair:2   | Lost mutation: You expend magic power (3 MP) to strengthen
                  | your wands. [potion of mutation]
 28656 | Lair:2   | Lost mutation: Armour fits poorly on your strangely shaped
                  | body. [potion of mutation]
 28656 | Lair:2   | Lost mutation: You are clumsy. (Dex -2) [potion of
                  | mutation]
 28656 | Lair:2   | Gained mutation: Your spells are a little harder to cast,
                  | but a little more powerful. [potion of mutation]
 28656 | Lair:2   | Gained mutation: Your body sometimes deteriorates upon
                  | taking damage. [potion of mutation]
 28656 | Lair:2   | Gained mutation: You expend magic power (3 MP) to
                  | strengthen your wands. [potion of mutation]
 29207 | Lair:2   | Found a staircase to the Swamp.
 29569 | Lair:3   | Found a hole to the Spider Nest.
 29798 | Lair:3   | Reached skill level 5 in Dodging
 29803 | Lair:3   | Received a gift from Trog
 30420 | Spider:1 | Entered Level 1 of the Spider Nest
 32240 | Lair:4   | Found a staircase to the Slime Pits.
 32316 | Lair:4   | Found a viscous altar of Jiyva.
 32796 | Lair:4   | Reached XP level 16. HP: 140/157 MP: 15/15
 33193 | Lair:5   | Entered Level 5 of the Lair of Beasts
 34378 | Lair:5   | Received a gift from Trog
 35505 | Spider:2 | Reached skill level 21 in Armour
 35629 | Spider:2 | Noticed Azrael
 35643 | Spider:2 | Killed Azrael
 35854 | Spider:2 | Reached skill level 10 in Dodging
 36580 | Spider:2 | Noticed Agnes
 36591 | Spider:2 | Killed Agnes
 36703 | Spider:3 | Noticed Jorgrun
 37046 | Spider:2 | Killed Jorgrun
 37334 | Spider:3 | Reached XP level 17. HP: 166/166 MP: 16/16
 37559 | Spider:3 | Received a gift from Trog
 38209 | Spider:4 | Entered Level 4 of the Spider Nest
 38595 | Spider:4 | Acquired the +2 hood of the Assassin {Detect Stab+ Stlth++}
 38595 | Spider:4 | Found the +2 hood of the Assassin {Detect Stab+ Stlth++}
 38812 | Spider:4 | Received a gift from Trog
 39056 | Spider:4 | Got a gossamer rune of Zot
 39408 | Spider:4 | Upgraded the game from 0.31.0-9-g3a7656b989 to
                  | 0.31.0-12-g77e489cdc1
 39551 | Swamp:1  | Entered Level 1 of the Swamp
 39760 | Swamp:1  | Reached skill level 1 in Throwing
 40978 | Swamp:3  | Noticed Roxanne
 41013 | Swamp:3  | Killed Roxanne
 41014 | Swamp:3  | Reached skill level 15 in Shields
 41331 | Swamp:3  | Identified the +3 orcbow of Outrage {freeze, rF+ Str-4
                  | Dex+4}
 41505 | Swamp:4  | Entered Level 4 of the Swamp
 41693 | Swamp:4  | Identified the +3 leather armour of Daisies {Dex+2}
 41770 | Swamp:4  | Identified the +0 pair of gloves of Wamoytes {rPois MP+9
                  | Dex+3}
 41770 | Swamp:4  | Noticed Nikola
 41796 | Swamp:4  | Killed Nikola
 41797 | Swamp:4  | Reached XP level 18. HP: 116/177 MP: 17/17
 42193 | Swamp:4  | Received a gift from Trog
 42246 | Swamp:4  | Paralysed by a fenstrider witch for 2 turns
 42249 | Swamp:4  | HP: 7/177 [fenstrider witch/toxic sludge (13)]
 42249 | Swamp:4  | Mangled by a spriggan rider

Illustrated notes

Levels and vault maps discovered:
D:1:      spicycebolla_arrival_xxxplode, layout_loops_ring,
          ebering_ecumenical_altar_webs, nicolae_titane
D:2:      layout_basic, minmay_misc_feat_tower, uniq_robin
D:3:      layout_rooms, nicolae_uskayaw_dance_hall
D:4:      layout_basic, amcnicky_altar_gilded
D:5:      layout_loops_cross, mainiacjoe_overflow_catwalk,
          gammafunk_temple_overflow_statue
D:6:      layout_gridville, minmay_fractal_squares_diagonal_5, uniq_grinder
D:7:      layout_basic, minmay_temple_entry_tees
D:8:      layout_basic, lemuel_blue_sif_altar, nicolae_elyvilon_peaceful_grove,
          due_lair_maze_entry_diamond, enter_bailey_5, serial_shops, shop,
          nicolae_shop_hallway_stairs
D:9:      layout_gridville, kennysheep_boxes
D:10:     layout_roguey, mainiacjoe_overflow_alcove_1
D:11:     layout_cave_pods, orc_david_3, serial_bayou, serial_bayou_pond_e,
          serial_bayou_crossing, serial_bayou_shore_b, serial_bayou_shore_b
D:12:     layout_roguey, nicolae_trove_entry_diagonal, minmay_shop_grid_forest,
          david_defended_altar_orc
D:13:     layout_cave_pods, david_vaults_2, serial_ice, serial_ice_e,
          serial_ice_f, serial_ice_d, serial_ice_h, serial_ice_a, serial_ice_m,
          portal_ice_cave_entry_ice_simulacra
D:14:     layout_roguey, nicolae_hepliaklqana_ecumenical_no_more,
          minmay_misc_feat_enclosed, fedhas_altar_2, uniq_snorg, uniq_lodul
D:15:     hellmonk_depths_entry_around_the_bend, layout_gridville,
          chequers_serial_rivers_micro_b, roadster_trireme
Temple:   nicolae_temple_superstar
Lair:1:   layout_cave_pods, grunt_megastairs_5
Lair:2:   layout_loops_ring, mainiacjoe_swamp_entry_angry_trees,
          maelrawn_ghost_gauntlet_escape
Lair:3:   layout_gridlike, hellmonk_spider_entry_life_and_decay, serial_forest,
          infiniplex_forest_zigzag_1, infiniplex_forest_corner_1,
          infiniplex_forest_join, infiniplex_forest_end_1,
          infiniplex_forest_end_3
Lair:4:   layout_gridlike, minmay_slime_entry_pillars
Lair:5:   minmay_lair_end_frog_pond, layout_layer_cave
Swamp:1:  layout_basic_swamp, evilmike_swamp_ruin_house_1
Swamp:2:  layout_falls_marsh, evilmike_swamp_ruin_house_3, swamp_pool_1_2
Swamp:3:  layout_basic_swamp, nicolae_swamp_stair_fork, swamp_pool_1_2,
          infiniplex_staircase_pool, nicolae_swamp_decorative_isthmus,
          uniq_roxanne
Swamp:4:  swamp_pestilence, layout_basic_swamp, nicolae_swamp_tree_designs,
          uniq_nikola
Spider:1: layout_spider_delve
Spider:2: layout_spider_delve, nicolae_spider_rock_and_or_roll, uniq_azrael,
          uniq_agnes
Spider:3: layout_spider_delve, dreamdust_wasp_nest, uniq_jorgrun
Spider:4: grunt_spider_rune_parallel
Orc:1:    layout_caves, serial_shops, nicolae_lakefront_shop
Orc:2:    st_orc_pillars, layout_caves, serial_shops, shop, shop,
          nicolae_shop_stone, minmay_orc_treasury, uniq_josephine
Elf:1:    cheibrodos_salmonella, layout_onion_city, minmay_shop_grove
Depths:1: minmay_dotted_concentric_squares, layout_cave_shapes,
          grunt_metal_band, nicolae_zig_zag_zippers, dpeg_stationary_puzzle

Skill      XL: |  1  2  3  4  5  6  7  8  9 10 11 12 13 14 15 16 17 |
---------------+----------------------------------------------------+-----
Fighting       | 4 5 6 7 9 11 13 14 16 17 18 19 | 19.6
Polearms       | 3 4 5 6 7 9 10 12 14 18 20 | 20.7
Armour         | 4 5 6 7 9 10 15 18 19 20 21 | 21.8
Shields        | 4 5 6 7 9 11 13 15 | 15.1
Dodging        | 1 2 3 4 7 10 13 | 13.0
Evocations     | 1 5 6 |  6.8
Staves         | 6 |  6.4
Throwing       | 3 |  3.7
Stealth        | |  0.2

Action                     |  1- 3 |  4- 6 |  7- 9 | 10-12 | 13-15 | 16-18 || total
---------------------------+-------+-------+-------+-------+-------+-------++-------
  Melee: Trident           |    90 |   126 |   253 |   155 |   159 |       ||   783
         Headbutt          |     7 |    14 |    38 |   285 |   243 |   283 ||   870
         Spear             |       |       |    87 |  1076 |       |       ||  1163
         Quarterstaff      |       |       |       |       |    71 |       ||    71
         Bardiche          |       |       |       |       |   742 |   196 ||   938
         Glaive            |       |       |       |       |    18 |    29 ||    47
         Demon trident     |       |       |       |       |       |   887 ||   887
  Throw: Throwing net      |       |       |       |       |       |     3 ||     3
 Invoke: Berserk           |       |       |     1 |     7 |     3 |     4 ||    15
         Trog's Hand       |       |       |       |     1 |     2 |     4 ||     7
         Brothers in Arms  |       |       |       |       |     2 |       ||     2
Ability: Evoke Blink       |       |       |       |       |     1 |       ||     1
  Evoke: Wand              |       |       |       |    10 |     3 |     8 ||    21
    Use: Scroll            |       |     9 |     8 |    13 |    21 |     3 ||    54
         Potion            |       |       |       |     1 |     6 |     1 ||     8
   Stab: Distracted        |       |       |     2 |       |       |       ||     2
         Petrified         |       |       |       |       |       |     4 ||     4
         Petrifying        |       |       |       |       |       |     1 ||     1
         Held in net/web   |       |       |       |       |       |     1 ||     1
 Armour: Scale mail        |    37 |    74 |   136 |       |       |       ||   247
         Chain mail        |       |       |    30 |   239 |    24 |       ||   293
         Plate armour      |       |       |       |   273 |   919 |   593 ||  1785
  Dodge: Dodged            |    34 |    33 |   101 |   236 |   875 |   678 ||  1957
  Block: Buckler           |    19 |    12 |    40 |   265 |    40 |       ||   376
         Kite shield       |       |       |       |       |    30 |   797 ||   827
         Other             |       |       |       |       |       |     8 ||     8
         Reflection        |       |       |       |       |       |    11 ||    11
